 Dungeon Crawl Stone Soup version 0.28-a0-1348-g050f3537b9 (webtiles) character file.

Game seed: 4433125516674240089

26 Deminshera the Shield-Bearer (level 2, 0/27 HPs)
             Began as a Deep Dwarf Fighter on Dec 30, 2021.
             Slain by Sigmund (9 damage)
             ... on level 2 of the Dungeon.
             The game lasted 00:01:07 (1216 turns).

Deminshera the Shield-Bearer (Deep Dwarf Fighter)   Turns: 1216, Time: 00:01:08

Health: 0/27       AC:  8    Str: 19    XL:     2   Next: 89%
Magic:  2/2        EV:  9    Int:  8    God:
Gold:   21         SH:  0    Dex: 12    Spells: 1/1 levels left

rFire   + . .      SeeInvis .   h - +1 whip (drain)
rCold   + . .      Faith    .   c - +0 buckler
rNeg    . . .      Spirit   .   b - +0 scale mail
rPois   +          Reflect  .   (no helmet)
rElec   +          Harm     .   i - +0 cloak
rCorr   +          Rampage  .   (no gloves)
Will    .....                   (no boots)
Stlth   ..........              (no amulet)
HPRegen 0.00/turn               (no ring)
MPRegen 0.08/turn               (no ring)

@: confused, resistant, attractive
A: damage resistance, heal wounds, sense surroundings 1, no regeneration
a: Heal Wounds


You were on level 2 of the Dungeon.
You visited 1 branch of the dungeon, and saw 2 of its levels.

You collected 21 gold pieces.

Inventory:

Hand Weapons
 a - a +0 war axe
 h - a +1 whip of draining (weapon)
Armour
 b - a +0 scale mail (worn)
 c - a +0 buckler (worn)
 i - a +0 cloak (worn)
Scrolls
 g - 2 scrolls of identify {unknown}
 j - a scroll of noise {unknown}
 l - a scroll of teleportation {unknown}
Potions
 d - a potion of might
 e - a potion of invisibility {unknown}
 f - a potion of flight {unknown}


   Skills:
 + Level 2.9 Fighting
 * Level 2.9 Axes
 + Level 3.5 Armour
 + Level 3.5 Shields


You had one spell level left.
You didn't know any spells.
Your spell library contained the following spells:

 Spells                   Type           Power      Damage    Failure   Level
 Scorch                   Fire           0%         2d5       90%         2
 Flame Wave               Conj/Fire      0%         2d4       100%        4
 Summon Cactus Giant      Summ           0%         N/A       100%        6


Dungeon Overview and Level Annotations

Branches:
Dungeon (2/15)

Altars:

Annotations:
D:2 Sigmund


Innate Abilities, Weirdness & Mutations

You are resistant to damage.
You can heal yourself by infusing magical energy.
You passively map a small area around you.
You do not regenerate.


Message History

l - a scroll labelled ROLE MYNYKK No target in view!
m - a fuming purple potion No target in view!
You open the door.
An endoplasm comes into view.
The endoplasm quivers.
There is an open door here.
An endoplasm is nearby!
The endoplasm misses you.
An endoplasm is nearby!
You hit the endoplasm.
You kill the endoplasm!
No target in view!
No target in view!
You open the door.
Sigmund the Dreaded comes into view.
He is wielding a +0 scythe.
Sigmund shouts!
Sigmund is suddenly surrounded by pale green light.
Sigmund casts a spell at you. The magic dart hits you.
Sigmund says, "I'm your fate."
Sigmund points at you and mumbles some strange words.
The puff of flame hits you.
There is an open door here.
Sigmund is nearby!
You are too injured to fight recklessly!
Sigmund is nearby!
You are too injured to fight recklessly!
Sigmund points at you and mumbles some strange words.
You are confused.
You bump into the rock wall.
Okay, then.
It was a potion of attraction.
You feel attractive to monsters. Sigmund is attracted toward you.
It was a potion of resistance.
You feel protected. Sigmund hits you with a +0 scythe!
You die...

, * , * , .# ,, ,
,* #.#.# * #.#.# ,
* #.#.# , , *
,#.#.##### ,
......... *
.########........ ,
*
....ยง.@@'........,
,
###########........
,
#.........'........
###.#######........
, *
#................ *
#..######........
#..############## ,
#........#
#.######.# * ,


You could see Sigmund.

Vanquished Creatures
  A dart slug (D:1)
  2 ball pythons (D:1)
  An endoplasm (D:2)
  3 giant cockroaches (D:1)
  3 goblins (D:1)
  2 hobgoblins (D:1)
  4 jackals (D:1)
  2 quokkas (D:1)
  A bat (D:1)
  A kobold (D:1)
20 creatures vanquished.

Notes
Turn   | Place    | Note
-------+----------+-------------------------------------------
     0 | D:1      | Deminshera the Deep Dwarf Fighter began the quest for the
                  | Orb.
     0 | D:1      | Reached XP level 1. HP: 20/20 MP: 1/1
   222 | D:1      | Reached XP level 2. HP: 20/27 MP: 2/2
  1211 | D:2      | Noticed Sigmund
  1216 | D:2      | Slain by Sigmund

Illustrated notes

Levels and vault maps discovered:
D:1:      erik_arrival_cave_to_civilisation [erik_arrival_cave_to_hall],
          layout_basic, minmay_worlds_worst_comb
D:2:      layout_basic, shapermc_ecumenical_altar_acropolis, uniq_sigmund

Action                   || total
-------------------------++-------
Melee: War axe           ||    29
       Whip              ||    30
  Use: Potion            ||     2
Armor: Scale mail        ||    24
Dodge: Dodged            ||    27
Block: Buckler           ||    12

Table legend: (Time is in decaauts)
 A = Elapsed time spent in this place.
 B = Non-inter-level travel time spent in this place.
 C = Inter-level travel time spent in this place.
 D = Time resting spent in this place.
 E = Time spent auto-exploring this place.
 F = Levels seen in this place.
 G = Mean time per level.
                   A        B        C        D        E       F      G
               +--------+--------+--------+--------+--------+-----+--------+
         Total |   1227 |   1152 |     75 |    100 |    905 |   2 |  613.5 |
       Dungeon |   1227 |   1152 |     75 |    100 |    905 |   2 |  613.5 |
               +--------+--------+--------+--------+--------+-----+--------+

Top non-repeatable levels by time:
     D:1: 1169 daAuts
     D:2: 57 daAuts
